 Dungeon Crawl Stone Soup version 0.22.0 (webtiles) character file.

86 Matezma the Chopper (level 4, -2/35 HPs)
             Began as a Demonspawn Berserker on Nov 1, 2018.
             Was a Follower of Trog.
             Killed from afar by an orc wizard (6 damage)
             ... with a magic dart
             ... on level 3 of the Dungeon.
             The game lasted 00:05:44 (2844 turns).

Matezma the Chopper (Demonspawn Berserker)          Turns: 2844, Time: 00:05:45

Health: -2/35      AC:  5    Str: 18    XL:     4   Next: 26%
Magic:  4/4        EV: 11    Int:  9    God:    Trog [*.....]
Gold:   110        SH:  0    Dex: 12    Spells: 3/3 levels left

rFire    . . .     SeeInvis .   a - +0 hand axe
rCold    + . .     Gourm    .   (no shield)
rNeg     . . .     Faith    .   k - +0 ring mail
rPois    .         Spirit   .   (helmet restricted)
rElec    .         Reflect  .   (no cloak)
rCorr    .         Harm     .   (no gloves)
MR       +....                  (no boots)
Stlth    +.........             (no amulet)
HPRegen  0.11/turn              h - ring of protection from magic
MPRegen  0.09/turn              (no ring)

@: no status effects
A: horns 1, cold resistance 1
a: Berserk, Renounce Religion


You were on level 3 of the Dungeon.
You worshipped Trog.
Trog was aware of your devotion.
You were not hungry.

You visited 1 branch of the dungeon, and saw 3 of its levels.

You collected 110 gold pieces.

Inventory:

Hand Weapons
 a - a +0 hand axe (weapon)
 b - a +0 hand axe
Missiles
 e - 85 stones (quivered)
Armour
 k - a +0 ring mail (worn)
Jewellery
 h - a ring of protection from magic (left hand)
 n - an uncursed ring of ice {unknown}
Scrolls
 i - a scroll of fog
 m - a scroll of remove curse {unknown}
Potions
 d - a potion of mutation {unknown}
 f - a potion of might {unknown}
 o - a potion of invisibility {unknown}
Comestibles
 c - 4 rations
 g - 3 chunks of flesh


   Skills:
 - Level 3.0 Fighting
 + Level 4.7 Axes
 - Level 1.7 Armour
 - Level 1.7 Dodging


You had 3 spell levels left.
You didn't know any spells.
Your spell library was empty.

Dungeon Overview and Level Annotations

Branches:
Dungeon (3/15)

Altars:
Qazlal
The Shining One


Innate Abilities, Weirdness & Mutations

You have a pair of small horns on your head.
Your flesh is cold resistant. (rC+)


Message History

The orc wizard hits you with a dagger.
The orc wizard points at you and mumbles some strange words.
The magic dart hits you!
* * * LOW HITPOINT WARNING * * *
You are too injured to fight recklessly!
You are too injured to fight recklessly!
You are too injured to fight recklessly!
You hit the orc wizard but do no damage.
Your headbutt misses the orc wizard.
The orc wizard is almost dead.
The orc wizard hits you with a dagger.
* * * LOW HITPOINT WARNING * * *
You hit the orc wizard but do no damage.
The orc wizard is almost dead.
The orc wizard barely misses you. The orc wizard misses you.
You miss the orc wizard.
The orc wizard is almost dead.
The orc wizard gestures at you while chanting.
The magic dart hits you!
You die...

####.#
#.#....... #
#....# ###..#
##### #>.##...>
###..#..# ##
#......# ..
#....#.#.##.#
#..###.o?...#
#. #...#@####
#....#.)[)..#
.#..#.........#
#..........###
#........##
...........
#.....#.....#
#.......###.#


You could see an orc wizard.

Vanquished Creatures
  3 adders
  A worm (D:2)
  2 dart slugs
  A leopard gecko (D:1)
  4 orcs (D:3)
  2 giant cockroaches
  5 goblins
  4 hobgoblins
  9 jackals (D:1)
  4 kobolds
  A quokka (D:3)
  4 bats
  3 frilled lizards
43 creatures vanquished.

Notes
Turn   | Place    | Note
-------+----------+-------------------------------------------
     0 | D:1      | Matezma the Demonspawn Berserker began the quest for the Orb.
     0 | D:1      | Reached XP level 1. HP: 18/18 MP: 1/1
    35 | D:1      | Reached skill level 3 in Axes
   736 | D:1      | Gained mutation: You have a pair of small horns on your head. [demonic ancestry]
   736 | D:1      | Reached XP level 2. HP: 13/24 MP: 2/2
  1190 | D:1      | Gained mutation: Your flesh is cold resistant. (rC+) [demonic ancestry]
  1190 | D:1      | Reached XP level 3. HP: 18/29 MP: 3/3
  1974 | D:2      | Found a glowing golden altar of the Shining One.
  2346 | D:2      | Reached skill level 4 in Axes
  2408 | D:2      | Found a stormy altar of Qazlal.
  2827 | D:3      | Reached XP level 4. HP: 35/35 MP: 4/4
  2844 | D:3      | Killed from afar by an orc wizard

Skill      XL: |  1  2  3 |
---------------+----------+-----
Axes           | 3 4 |  4.7
Fighting       | |  3.0
Armour         | |  1.7
Dodging        | |  1.7

Action                   |  1- 3 |  4- 6 || total
-------------------------+-------+-------++-------
Melee: Hand axe          |   106 |    17 ||   123
       Headbutt          |    14 |     2 ||    16
  Use: Scroll            |     3 |       ||     3
  Eat: Chunk             |     3 |       ||     3
       Ration            |     1 |       ||     1
Armor: Animal skin       |     6 |       ||     6
       Ring mail         |    18 |     7 ||    25
Dodge: Dodged            |    79 |    12 ||    91
